 Dungeon Crawl Stone Soup version 0.30-a0-1160-g6e42c06551 (webtiles) character file.

Game seed: 11787844296328881211

4828 Arzdou the Cleaver (level 10, -1/82 HPs)
             Began as a Gnoll Cinder Acolyte on Apr 25, 2023.
             Was a Follower of Ignis.
             Slain by a hornet (4 damage)
             ... on level 7 of the Dungeon.
             The game lasted 00:24:23 (10549 turns).

Arzdou the Cleaver (Gnoll Cinder Acolyte)          Turns: 10549, Time: 00:24:24

Health: -1/82      AC:  8    Str: 22    XL:     10   Next: 49%
Magic:  3/19       EV: 13    Int: 16    God:    Ignis [*.....]
Gold:   1379       SH:  0    Dex:  9    Spells: 12/21 levels left

rFire   + . .        y - +7 staff of the Meek {protect, meekguard}
rCold   + + .        (shield currently unavailable)
rNeg    . . .        l - +0 leather armour
rPois   .            (no helmet)
rElec   .            (no cloak)
rCorr   .            w - +3 pair of gloves of the Doldrums {rC+}
SInv    .            (no boots)
Will    .....        d - amulet "Ezerphis" {rC+ Regen+ Dex+2}
Stlth   ++           r - ring of wizardry
HPRegen 1.13/turn    s - +6 ring of strength
MPRegen 0.16/turn

%: wizardry (x1)
@: lethally poisoned (-1 -> -7), slowed, very slow
A: fangs 1, strong nose, distributed training
a: Renounce Religion, Fiery Armour, Foxfire Swarm, Rising Flame


You were on level 7 of the Dungeon.
You worshipped Ignis.
Ignis was aware of your devotion.
You visited 2 branches of the dungeon, and saw 8 of its levels.
You also visited: Bailey.

You collected 1379 gold pieces.

Inventory:

Hand Weapons
 a - a -1 hand axe of flaming
 c - a +4 broad axe
 g - a +1 great sword of holy wrath
 y - the +7 staff of the Meek (weapon) {protect, meekguard}
   (You found it on level 6 of the Dungeon)
 H - the +7 quarterstaff "Voraer" {antimagic, Fragile rElec Will+++ Stlth+}
   (You found it in a bailey)

   rElec:     It insulates you from electricity.
   Fragile:   It will be destroyed if unequipped.
   Will:      It greatly increases your willpower.
   Stlth:     It makes you more stealthy.
Missiles
 t - a throwing net
Armour
 b - a +0 robe
 l - a +0 leather armour (worn)
 q - a +0 pair of gloves
 w - the +3 pair of gloves of the Doldrums (worn) {rC+}
   (You acquired it in a bailey)

   rC:        It protects you from cold.
Jewellery
 d - the amulet "Ezerphis" (around neck) {rC+ Regen+ Dex+2}
   (You acquired it on level 5 of the Dungeon)

   [amulet of regeneration]

   Dex:       It affects your dexterity (+2).
   rC:        It protects you from cold.
   Regen:     It increases your rate of health regeneration.
 r - a ring of wizardry (left hand)
 s - a +6 ring of strength (right hand)
 C - a ring of ice
 J - an amulet of the acrobat
Wands
 j - a wand of digging (5)
 A - a wand of charming (14)
 I - a wand of roots (9)
Scrolls
 e - 5 scrolls of teleportation {unknown}
 o - 2 scrolls of silence
 u - 3 scrolls of identify
 v - a scroll of noise {unknown}
 D - 2 scrolls of enchant armour {unknown}
 F - a scroll of magic mapping {unknown}
Potions
 f - 3 potions of curing
 h - a potion of resistance
 i - 2 potions of flight {unknown}
 k - 3 potions of brilliance
 m - 2 potions of cancellation
 n - 5 potions of heal wounds
 p - a potion of attraction {unknown}
 x - 2 potions of might
 z - a potion of magic {unknown}
 B - 2 potions of berserk rage {unknown}
 E - a potion of experience {unknown}
 G - 2 potions of mutation {unknown}


   Skills:
 + Level 8.7 Fighting
 + Level 5.5 Short Blades
 + Level 5.5 Long Blades
 + Level 8.7 Axes
 + Level 5.5 Maces & Flails
 + Level 5.5 Polearms
 + Level 5.5 Staves
 + Level 5.5 Ranged Weapons
 + Level 5.5 Throwing
 + Level 5.5 Armour
 + Level 5.5 Dodging
 + Level 5.5 Stealth
 + Level 5.5 Shields
 + Level 5.5 Unarmed Combat
 + Level 6.2 Spellcasting
 + Level 4.5 Conjurations
 + Level 4.5 Hexes
 + Level 4.5 Summonings
 + Level 4.5 Necromancy
 + Level 4.5 Translocations
 + Level 4.5 Transmutations
 + Level 7.2 Fire Magic
 + Level 4.5 Ice Magic
 + Level 4.5 Air Magic
 + Level 4.5 Earth Magic
 + Level 4.5 Poison Magic
 + Level 6.1 Invocations
 + Level 5.5 Evocations


You had 12 spell levels left.
You knew the following spells:

 Your Spells              Type           Power      Damage    Failure   Level
a - Scorch                Fire           56%        2d7       1%          2
b - Poisonous Vapours     Pois/Air       38%        N/A       1%          2
c - Swiftness             Air            19%        N/A       2%          3
d - Blink                 Tloc           38%        N/A       1%          2

Your spell library contained the following spells:

 Spells                   Type           Power      Damage    Failure   Level
 Kiss of Death            Conj/Necr      76%        2d11      1%          1
 Shock                    Conj/Air       76%        1d7       1%          1
 Lesser Beckoning         Tloc           38%        N/A       1%          2
 Momentum Strike          Conj/Tloc      38%        3d9       1%          2
 Confusing Touch          Hex            19%        N/A       2%          3
 Mephitic Cloud           Conj/Pois/Air  19%        N/A       2%          3
 Vhi's Electric Charge    Tloc/Air       38%        N/A       2%          3
 Airstrike                Air            9%         2d(2-18)  10%         4
 Dispel Undead            Necr           19%        3d11      10%         4
 Arcjolt                  Conj/Air       9%         1d19      26%         5
 Freezing Cloud           Conj/Ice/Air   9%         6-21      26%         5
 Maxwell's Capacitive Co  Air            9%         ∞         100%        8


Dungeon Overview and Level Annotations

Branches:
Dungeon (7/15)             Temple (1/1) D:4          Bailey (visited)

Altars:
Ashenzari
Cheibriados
Dithmenos
Elyvilon
Fedhas
Kikubaaqudgha
Makhleb
Nemelex Xobeh
Okawaru
Qazlal
Ru
Sif Muna
Trog
Uskayaw
Vehumet
Wu Jian
Xom

Shops:
D:2 [   D:5 =   D:6 ?


Innate Abilities, Weirdness & Mutations

You have very sharp teeth.
Your uncanny sense of smell can sniff out nearby items.
Your experience applies equally to all skills.


Message History

You are too injured to fight recklessly!
You are too injured to fight recklessly!
You are too injured to fight recklessly!
You barely miss the hornet. You bite the hornet.
The hornet is moderately wounded.
You feel very sick. The hornet stings you.
You feel as though you will be slow longer.
The hornet stings you!
* * * LOW HITPOINT WARNING * * *
You suddenly lose the ability to move!
You can move again.
Activating: Foxfire Swarm
Press: ? - help, Dir - look around, f - activate You can't see that place.
Flames leap up around you!
You feel very sick. The hornet closely misses you.
The hornet barely misses you.
You feel very sick.
The foxfire hits the hornet but does no damage.
The hornet is moderately wounded.
The foxfire hits the hornet.
The hornet is moderately wounded.
The foxfire hits the hornet.
The hornet is moderately wounded.
The hornet stings you!
* * * LOW HITPOINT WARNING * * *
You feel as though you will be slow longer.
The hornet stings you but does no damage.
Your foxfire dissipates!
You feel sick.
The foxfire hits the hornet.
The hornet is moderately wounded.
The foxfire hits the hornet.
The hornet is heavily wounded.
The hornet stings you.
* * * LOW HITPOINT WARNING * * *
You are lethally poisoned!
You feel as though you will be slow longer.
The hornet stings you.
You die...

####### ##.....##
##.#####.##
#.##...##.#######
#.#.....#.......#
#.#.....#.....#.#
#.#.....#.#'#...#
#.##..)'###.##..# ##.###
#y@v..#..#
#...##§###.##..####
#..##§§ ####......#
#..#§§§ #....####.#
#..#§v. #.#### #.#
#..##..##.# #.# ####
#...####..# #.###..##
#.........#######........
##....##.............<...


You could see a hornet (ally target).

Vanquished Creatures
  An orc warlord (Bailey)
  A hornet (D:7)
  A wyvern (D:7)
  A vampire mosquito (D:7)
  2 water moccasins
  7 orc warriors
  2 ice beasts (D:6)
  A black bear (D:5)
  2 ogres (D:6)
  A centaur (D:7)
  A phantom (D:4)
  2 kobold brigands (D:7)
  A bullfrog (D:7)
  2 gnoll sergeants
  4 scorpions
  6 wights
  6 howler monkeys (D:7)
  A jelly (D:5)
  4 hounds
  2 gnoll boudas
  6 orc priests
  4 iguanas
  2 orc wizards (D:7)
  11 adders
  14 gnolls
  A shadow imp (D:7)
  4 white imps
  An ufetubus (D:4)
  3 worms
  6 dart slugs
  30 orcs
  4 ball pythons
  6 bats
  7 endoplasms
  5 giant cockroaches
  11 goblins
  9 hobgoblins
  5 jackals
  25 kobolds
  4 quokkas
  5 frilled lizards
  9 rats
220 creatures vanquished.

Vanquished Creatures (others)
  31 foxfires
31 creatures vanquished.

Grand Total: 251 creatures vanquished

Notes
Turn   | Place    | Note
-------+----------+-------------------------------------------
     0 | D:1      | Arzdou the Gnoll Cinder Acolyte began the quest for the
                  | Orb.
     0 | D:1      | Reached XP level 1. HP: 23/23 MP: 4/4
    62 | D:1      | Reached XP level 2. HP: 24/29 MP: 5/5
    83 | D:1      | Learned a level 2 spell: Scorch
   435 | D:1      | Reached XP level 3. HP: 35/35 MP: 4/7
   663 | D:1      | Reached skill level 1 in Invocations
  1357 | D:2      | Learned a level 2 spell: Poisonous Vapours
  1374 | D:2      | Reached skill level 1 in Short Blades
  1374 | D:2      | Reached skill level 1 in Long Blades
  1374 | D:2      | Reached skill level 1 in Maces & Flails
  1374 | D:2      | Reached skill level 1 in Polearms
  1374 | D:2      | Reached skill level 1 in Staves
  1374 | D:2      | Reached skill level 1 in Ranged Weapons
  1374 | D:2      | Reached skill level 1 in Throwing
  1374 | D:2      | Reached skill level 1 in Armour
  1374 | D:2      | Reached skill level 1 in Dodging
  1374 | D:2      | Reached skill level 1 in Stealth
  1374 | D:2      | Reached skill level 1 in Shields
  1374 | D:2      | Reached skill level 1 in Unarmed Combat
  1374 | D:2      | Reached skill level 1 in Evocations
  1428 | D:2      | Noticed a floating eye
  1431 | D:2      | Noticed a shining eye
  1433 | D:2      | Found a faded altar of an unknown god.
  1435 | D:2      | Noticed a shining eye
  1435 | D:2      | Noticed a floating eye
  1594 | D:2      | Reached XP level 4. HP: 41/41 MP: 8/8
  1755 | D:2      | Reached skill level 1 in Conjurations
  1755 | D:2      | Reached skill level 1 in Hexes
  1755 | D:2      | Reached skill level 1 in Summonings
  1755 | D:2      | Reached skill level 1 in Necromancy
  1755 | D:2      | Reached skill level 1 in Translocations
  1755 | D:2      | Reached skill level 1 in Transmutations
  1755 | D:2      | Reached skill level 1 in Ice Magic
  1755 | D:2      | Reached skill level 1 in Air Magic
  1755 | D:2      | Reached skill level 1 in Earth Magic
  1755 | D:2      | Reached skill level 1 in Poison Magic
  1810 | D:2      | Found Jexecos's Armour Emporium.
  1942 | D:2      | You fall into a shaft and drop 1 floor!
  1959 | D:3      | Noticed a scorpion
  2484 | D:2      | Reached XP level 5. HP: 47/47 MP: 4/9
  3012 | D:3      | Found a shimmering altar of Xom.
  3693 | D:4      | Found the +1 Delatra's gloves {ID++}
  3942 | D:4      | Reached XP level 6. HP: 47/53 MP: 1/11
  4025 | D:4      | Found a staircase to the Ecumenical Temple.
  4322 | D:4      | Reached XP level 7. HP: 51/59 MP: 1/12
  4592 | D:4      | Learned a level 3 spell: Swiftness
  4610 | Temple   | Entered the Ecumenical Temple
  4878 | D:5      | Entered Level 5 of the Dungeon
  5008 | D:5      | Identified a scroll of acquirement
  5008 | D:5      | Acquired the amulet "Ezerphis" {rC+ Regen+ Dex+2}
  5090 | D:5      | Found a white marble altar of Elyvilon.
  5723 | D:5      | Found Otyppule's Jewellery Emporium.
  6168 | D:6      | Reached XP level 8. HP: 61/67 MP: 9/14
  7111 | D:6      | Found an iron altar of Okawaru.
  7443 | D:6      | Found Ufrestrera's Magic Scroll Shoppe.
  7728 | D:6      | Reached XP level 9. HP: 71/73 MP: 7/16
  7736 | D:6      | Reached skill level 5 in Spellcasting
  7842 | D:6      | Found the +7 staff of the Meek {protect, meekguard}
  7853 | D:6      | Learned a level 2 spell: Blink
  8427 | D:7      | Found a sacrificial altar of Ru.
  8615 | D:7      | Found a flagged portal.
  8624 | Bailey   | Entered a bailey
  8650 | Bailey   | Noticed an orc warlord
  8822 | Bailey   | Reached skill level 5 in Invocations
  8972 | Bailey   | Found a runed translucent gate.
  8973 | Bailey   | Found a runed translucent gate.
  8975 | Bailey   | Found a runed translucent gate.
  9371 | Bailey   | Killed an orc warlord
  9372 | Bailey   | Reached skill level 5 in Short Blades
  9372 | Bailey   | Reached skill level 5 in Long Blades
  9372 | Bailey   | Reached skill level 5 in Maces & Flails
  9372 | Bailey   | Reached skill level 5 in Polearms
  9372 | Bailey   | Reached skill level 5 in Staves
  9372 | Bailey   | Reached skill level 5 in Ranged Weapons
  9372 | Bailey   | Reached skill level 5 in Throwing
  9372 | Bailey   | Reached skill level 5 in Armour
  9372 | Bailey   | Reached skill level 5 in Dodging
  9372 | Bailey   | Reached skill level 5 in Stealth
  9372 | Bailey   | Reached skill level 5 in Shields
  9372 | Bailey   | Reached skill level 5 in Unarmed Combat
  9372 | Bailey   | Reached skill level 5 in Evocations
  9372 | Bailey   | Reached XP level 10. HP: 57/82 MP: 1/19
  9521 | Bailey   | Identified the +7 quarterstaff "Voraer" {antimagic, Fragile
                  | rElec Will+++ Stlth+}
  9523 | Bailey   | Acquired 976 gold pieces
  9524 | Bailey   | Acquired the +3 pair of gloves of the Doldrums {rC+}
 10546 | D:7      | Paralysed by a hornet for 1 turns
 10549 | D:7      | HP: 3/82 [hornet (4)]
 10549 | D:7      | Slain by a hornet

Illustrated notes

Levels and vault maps discovered:
D:1:      wheals_arrival_linesprint, layout_basic
D:2:      minmay_diamond_boxcup, layout_loops_corners,
          hellmonk_ecumenical_altar_watching_god, serial_shops, shop,
          kennysheep_generic_room_11
D:3:      layout_basic, xom_teletrap_fun, nicolae_elevator_lobby_plus
D:4:      layout_loops_ring, minmay_temple_entry_crystal_x
D:5:      layout_gridville, mainiacjoe_overflow_24_doors, serial_shops, shop
D:6:      layout_basic, hellmonk_okawaru_the_only_friend_you_need, serial_shops,
          shop, pf_guarded_unrand_meek
D:7:      layout_cave_pools, mainiacjoe_overflow_brackets, enter_bailey_8,
          nicolae_ossuary_entry_plus, hangedman_decor_push, dk_noncrumbling_3,
          corexii_hall_statues_i, minmay_joined_circles
Temple:   compressed_dpeg_triangle_lava_temple

Skill      XL: |  1  2  3  4  5  6  7  8  9 10 |
---------------+-------------------------------+-----
Invocations    | 1 2 3 4 5 6 |  6.1
Short Blades   | 1 2 3 5 |  5.5
Long Blades    | 1 2 3 5 |  5.5
Maces & Flails | 1 2 3 5 |  5.5
Polearms       | 1 2 3 5 |  5.5
Staves         | 1 2 3 5 |  5.5
Ranged Weapons | 1 2 3 5 |  5.5
Throwing       | 1 2 3 5 |  5.5
Armour         | 1 2 3 5 |  5.5
Dodging        | 1 2 3 5 |  5.5
Stealth        | 1 2 3 5 |  5.5
Shields        | 1 2 3 5 |  5.5
Unarmed Combat | 1 2 3 5 |  5.5
Evocations     | 1 2 3 5 |  5.5
Spellcasting   | 3 4 6 |  6.2
Conjurations   | 1 2 3 4 |  4.5
Hexes          | 1 2 3 4 |  4.5
Summonings     | 1 2 3 4 |  4.5
Necromancy     | 1 2 3 4 |  4.5
Translocations | 1 2 3 4 |  4.5
Transmutations | 1 2 3 4 |  4.5
Ice Magic      | 1 2 3 4 |  4.5
Air Magic      | 1 2 3 4 |  4.5
Earth Magic    | 1 2 3 4 |  4.5
Poison Magic   | 1 2 3 4 |  4.5
Fighting       | 7 8 |  8.7
Axes           | 7 8 |  8.7
Fire Magic     | 6 7 |  7.2

Action                     |  1- 3 |  4- 6 |  7- 9 | 10-12 || total
---------------------------+-------+-------+-------+-------++-------
  Melee: Hand axe          |    42 |    31 |    38 |       ||   111
         Punch             |     1 |       |       |       ||     1
         Bite              |       |     4 |     6 |     4 ||    14
         Quarterstaff      |       |       |    33 |    32 ||    65
   Cast: Scorch            |    31 |    58 |   167 |    70 ||   326
         Poisonous Vapours |       |       |    35 |       ||    35
         Swiftness         |       |       |     2 |     1 ||     3
         Blink             |       |       |     1 |       ||     1
 Invoke: Fiery Armour      |     1 |     1 |     5 |       ||     7
         Foxfire Swarm     |       |     2 |     1 |     1 ||     4
    Use: Scroll            |       |       |    12 |     2 ||    14
         Potion            |       |       |     2 |       ||     2
   Stab: Sleeping          |       |     1 |       |       ||     1
 Armour: Robe              |    14 |     8 |    20 |       ||    42
         Leather armour    |       |       |    17 |    15 ||    32
  Dodge: Dodged            |    34 |    23 |    98 |    54 ||   209

Table legend: (Time is in decaauts)
 A = Elapsed time spent in this place.
 B = Non-inter-level travel time spent in this place.
 C = Inter-level travel time spent in this place.
 D = Time resting spent in this place.
 E = Time spent auto-exploring this place.
 F = Levels seen in this place.
 G = Mean time per level.
                   A        B        C        D        E       F      G
               +--------+--------+--------+--------+--------+-----+--------+
         Total |  10565 |  10378 |    187 |    415 |   8014 |   9 | 1173.9 |
       Dungeon |   9391 |   9210 |    181 |    381 |   7200 |   7 | 1341.6 |
        Temple |    246 |    240 |      6 |      0 |    230 |   1 |  246.0 |
        Bailey |    927 |    927 |      0 |     34 |    584 |   1 |  927.0 |
               +--------+--------+--------+--------+--------+-----+--------+

Top non-repeatable levels by time:
     D:6: 1948 daAuts
     D:7: 1471 daAuts
     D:2: 1443 daAuts
     D:5: 1268 daAuts
     D:1: 1268 daAuts
     D:4: 1151 daAuts
  Bailey: 927 daAuts
     D:3: 838 daAuts
  Temple: 246 daAuts
